 Dungeon Crawl Stone Soup version 0.23-a0-730-g0b75920 (console) character file.

85 Voker57 the Slasher (level 4, -1/34 HPs)
             Began as a Demonspawn Gladiator on Jan 17, 2019.
             Slain by a gnoll
             ... wielding a +0 spear
              (4 damage)
             ... on level 3 of the Dungeon.
             The game lasted 00:03:33 (1965 turns).

Voker57 the Slasher (Demonspawn Gladiator)          Turns: 1965, Time: 00:03:34

Health: -1/34      AC:  6    Str: 15    XL:     4   Next: 25%
Magic:  4/4        EV: 13    Int:  9    God:
Gold:   156        SH:  0    Dex: 15    Spells: 3/3 levels left

rFire    . . .     SeeInvis .   s - +2 mace (protect)
rCold    . . .     Gourm    .   (no shield)
rNeg     . . .     Faith    .   b - +0 leather armour
rPois    .         Spirit   .   c - +0 helmet
rElec    .         Reflect  .   t - scarf {repulsion}
rCorr    .         Harm     .   (no gloves)
MR       .....                  (no boots)
Stlth    +.........             o - amulet of inaccuracy
HPRegen  0.11/turn              (no ring)
MPRegen  0.09/turn              (no ring)

@: repel missiles
A: talons 1, molten scales 1
a: no special abilities


You were on level 3 of the Dungeon.
You were hungry.

You visited 1 branch of the dungeon, and saw 3 of its levels.

You collected 156 gold pieces.

Inventory:

Hand Weapons
 a - a +1 long sword
 s - a +2 mace of protection (weapon)
Missiles
 d - 3 throwing nets (quivered)
Armour
 b - a +0 leather armour (worn)
 c - a +0 helmet (worn)
 l - a scarf of spirit shield
 t - a scarf of repulsion (worn)
Jewellery
 o - an amulet of inaccuracy (around neck)
Scrolls
 h - a scroll of amnesia
Potions
 j - a potion of curing {unknown}
 n - a potion of mutation {unknown}
 q - a potion of flight {unknown}
 r - a potion of might {unknown}
Comestibles
 f - 6 rations


   Skills:
 + Level 2.6 Fighting
 - Level 3.4 Long Blades
 - Level 1.7 Throwing
 + Level 1.5 Armour
 + Level 3.2 Dodging


You had 3 spell levels left.
You didn't know any spells.
Your spell library was empty.

Dungeon Overview and Level Annotations

Branches:
Dungeon (3/15)

Altars:


Innate Abilities, Weirdness & Mutations

You have sharp toenails.
You are partially covered in molten scales. (AC +2)


Message History

The gnoll closely misses you. The gnoll hits you but does no damage.
The gnoll barely misses you. The gnoll misses you.
You closely miss the gnoll. Your kick misses the gnoll.
The gnoll hits you with a +0 whip!
The gnoll hits you from afar with a +0 spear.
You miss the gnoll. The gnoll barely misses you.
The gnoll hits you from afar with a +0 spear.
The gnoll hits you with a +0 whip. The gnoll misses you.
You hit the gnoll.
Your weapon exudes an aura of protection.
You claw the gnoll.
The gnoll is almost dead.
The gnoll barely misses you. The gnoll hits you but does no damage.
There is an open door here.
The gnoll hits you with a +0 whip!
* * * LOW HITPOINT WARNING * * *
The gnoll hits you from afar with a +0 spear.
* * * LOW HITPOINT WARNING * * *
The gnoll hits you from afar with a +0 spear.
You die...

#.# ##...## #.# ##.#. #.####
##.....## #.## #.#. #.##.##
##.......## #..###.#.
###.#...####.........####........
...........'.........'.......#.##
###.#...####.........####......#
#)##.## ##.......## #..#####
#.#### ##g....## #.## #.. ##.g.##
#.# #.# ##@## #.# .## #<# #.# #
########.### .# ...........#
######....#### #.........
#.....###.# #.#.#..... #.#.#####.
#.#.#


You could see 2 gnolls.

Vanquished Creatures
  A gnoll (D:3)
  An adder (D:2)
  4 worms
  A leopard gecko (D:1)
  An orc (D:3)
  8 bats
  2 giant cockroaches
  6 goblins
  8 hobgoblins
  3 jackals (D:1)
  3 kobolds
  2 quokkas (D:2)
  A ball python (D:1)
  3 frilled lizards
  8 rats
52 creatures vanquished.

Notes
Turn   | Place    | Note
-------+----------+-------------------------------------------
     0 | D:1      | Voker57 the Demonspawn Gladiator began the quest for the
                  | Orb.
     0 | D:1      | Reached XP level 1. HP: 16/16 MP: 1/1
   111 | D:1      | Gained mutation: You are partially covered in molten
                  | scales. (AC +2) [demonic ancestry]
   111 | D:1      | Reached XP level 2. HP: 14/22 MP: 2/2
   851 | D:2      | Gained mutation: You have sharp toenails. [demonic
                  | ancestry]
   851 | D:2      | Reached XP level 3. HP: 28/28 MP: 3/3
   876 | D:2      | Reached skill level 1 in Armour
  1739 | D:3      | Reached XP level 4. HP: 34/34 MP: 4/4
  1965 | D:3      | Slain by a gnoll

Vault maps used:
D:1:      lightli_iron_boxes, minivault_19, minmay_misc_feat_rugged
D:2:      first_ration, minmay_circle_x

Skill      XL: |  1  2  3 |
---------------+----------+-----
Long Blades    | 3 |  3.4
Armour         | 1 |  1.5
Dodging        | 3 |  3.2
Fighting       | |  2.6
Throwing       | |  1.7

Action                   |  1- 3 |  4- 6 || total
-------------------------+-------+-------++-------
Melee: Long sword        |   114 |       ||   114
       Kick              |    15 |    10 ||    25
       Mace              |     5 |    21 ||    26
  Use: Scroll            |     7 |       ||     7
  Eat: Chunk             |     3 |       ||     3
Armor: Leather armour    |    39 |     7 ||    46
Dodge: Dodged            |    96 |    11 ||   107
       Rpst.: Long sword |    27 |       ||    27

Table legend:
 A = Non-vault XP
 B = Vault XP
 C = Vault XP percentage of total XP
 D = Non-vault monster count
 E = Vault monster count
 F = Vault count percentage of total count
                 A         B        C        D         E       F
            +---------+---------+-------+---------+---------+-------
      Total |     115 |       7 |   5.7 |      48 |       4 |   7.7
            +---------+---------+-------+---------+---------+-------
        D:1 |      39 |       0 |   0.0 |      23 |       0 |   0.0
        D:2 |      46 |       7 |  13.2 |      16 |       4 |  20.0
        D:3 |      30 |       0 |   0.0 |       9 |       0 |   0.0
            +---------+---------+-------+---------+---------+-------
